 Dungeon Crawl Stone Soup version 0.21-a0-528-gf531e82 (webtiles) character file.

1081 teukkam the Fighter (level 8, -17/71 HPs)
             Began as a Gnoll Wanderer on Dec 8, 2017.
             Was an Initiate of Ru.
             Demolished by an orc warrior
             ... wielding a +0 halberd
              (22 damage)
             ... in a bailey.
             The game lasted 00:24:11 (4459 turns).

teukkam the Fighter (Gnoll Wanderer)                Turns: 4459, Time: 00:24:13

Health: -17/71     AC: 16    Str: 19    XL:     8   Next: 29%
Magic:  12/12      EV:  9    Int: 16    God:    Ru [......]
Gold:   217        SH:  5    Dex: 14    Spells: 12/13 levels left

rFire    . . .     SeeInvis .   a - +7 hand axe "Fynureimiw" {chop, *Noise rElec rF- MR+++}
rCold    + . .     Gourm    .   I - +0 buckler
rNeg     . . .     Faith    .   C - +0 chain mail
rPois    +         Spirit   .   (no helmet)
rElec    +         Reflect  .   j - +0 cloak
rCorr    +         Harm     +   k - +0 pair of gloves
MR       +++..                  (no boots)
Stlth    ..........             H - amulet of harm
HPRegen  0.21/turn              E - +3 ring of intelligence
MPRegen  0.13/turn              M - +3 ring of protection

@: resistant, berserk cooldown, flying, slowed, very slow
A: distributed training, fangs 1, strong nose
a: Renounce Religion


You were in a bailey.
You worshipped Ru.
Ru was noncommittal.
You were not hungry.

You visited 2 branches of the dungeon, and saw 8 of its levels.
You also visited: Bailey.

You collected 217 gold pieces.

Inventory:

Hand Weapons
 a - the +7 hand axe "Fynureimiw" (weapon) {chop, *Noise rElec rF- MR+++}
   (You found it on level 9 of the Dungeon)

   It inflicts extra damage upon your enemies.
   It makes you vulnerable to fire.
   It insulates you from electricity.
   It affects your resistance to hostile enchantments.
   It may make noises in combat.
 b - a +0 hand crossbow
 l - the +2 spear of Fear {pierce, rF++ Stlth+}
   (You found it on level 9 of the Dungeon)

   It inflicts extra damage upon your enemies.
   It greatly protects you from fire.
   It makes you more stealthy.
 v - a cursed -3 dagger
 w - a +0 short sword
 G - a +0 blowgun
 T - a +0 spear of venom
Missiles
 c - 64 bolts
 e - 2 javelins of returning (quivered)
 g - 2 tomahawks
 D - 5 poisoned needles
Armour
 j - a +0 cloak (worn)
 k - a +0 pair of gloves (worn)
 C - a +0 chain mail (worn)
 I - a +0 buckler (worn)
Magical Staves
 R - an uncursed staff of cold
Jewellery
 E - a +3 ring of intelligence (left hand)
 H - an amulet of harm (around neck)
 M - a +3 ring of protection (right hand)
Wands
 z - a wand of digging (12)
 K - a wand of flame (16)
Scrolls
 i - a scroll of teleportation
 m - 3 scrolls of identify {unknown}
 n - a scroll of noise {unknown}
 q - a scroll of blinking {unknown}
 t - 4 scrolls of fear {unknown}
 u - 3 scrolls of remove curse {unknown}
 y - a scroll of magic mapping {unknown}
 N - a scroll of fog {unknown}
 P - a scroll of immolation {unknown}
Potions
 d - 2 potions of curing
 p - a potion of berserk rage
 s - a potion of flight
 x - a potion of haste {unknown}
 A - a potion of lignification {unknown}
 B - 2 potions of agility
 F - 2 potions of magic {unknown}
 J - 3 potions of degeneration {unknown}
 O - a potion of heal wounds {unknown}
Books
 L - a book of Changes

   Spells                             Type                      Level
   a - Beastly Appendage              Transmutation                1
   b - Sticks to Snakes               Transmutation                2
   c - Spider Form                    Transmutation/Poison         3
   d - Ice Form                       Ice/Transmutation            4
   e - Blade Hands                    Transmutation                5
Comestibles
 f - 4 bread rations
 h - 3 fruits
 Q - a meat ration
 S - a royal jelly


   Skills:
 + Level 9.1 Fighting
 + Level 3.1 Short Blades
 + Level 3.1 Long Blades
 + Level 3.1 Axes
 + Level 3.1 Maces & Flails
 + Level 3.1 Polearms
 + Level 3.1 Staves
 + Level 3.1 Slings
 + Level 3.1 Bows
 + Level 4.0 Crossbows
 + Level 3.1 Throwing
 + Level 7.3 Armour
 + Level 3.1 Dodging
 + Level 3.1 Stealth
 + Level 5.5 Shields
 + Level 3.1 Unarmed Combat
 + Level 3.1 Spellcasting
 + Level 2.5 Conjurations
 + Level 2.5 Hexes
 + Level 2.5 Charms
 + Level 2.5 Summonings
 + Level 2.5 Necromancy
 + Level 2.5 Translocations
 + Level 2.5 Transmutations
 + Level 2.5 Fire Magic
 + Level 2.5 Ice Magic
 + Level 2.5 Air Magic
 + Level 2.5 Earth Magic
 + Level 2.5 Poison Magic
 + Level 3.4 Invocations
 + Level 3.1 Evocations


You had 12 spell levels left.
You knew the following spells:

 Your Spells              Type           Power        Failure   Level  Hunger
a - Beastly Appendage     Tmut           ##....       52%         1    #......


Dungeon Overview and Level Annotations

Branches:
Dungeon (9/15)             Temple (1/1) D:4
   Lair: D:8-11         Orc: D:9-12

Altars:
Ashenzari
Elyvilon
Fedhas
Gozag
Makhleb
Nemelex Xobeh
Okawaru
Ru
Sif Muna
Wu Jian
Xom
Yredelemnul
The Shining One

Shops:
D:5 *

Annotations:
D:5 Nirn's ghost, novice DgFi


Innate Abilities, Weirdness & Mutations

Your experience applies equally to all skills.
You have very sharp teeth.
Your uncanny sense of smell can sniff out nearby items.


Message History

* * * LOW HITPOINT WARNING * * *
The orc knight closely misses you.
You feel a strong urge to attack something.
The orc warrior hits you from afar with a halberd!
* * * LOW HITPOINT WARNING * * *
You are no longer berserk.
You are exhausted.
You feel yourself slow down.
It was a potion of resistance.
You feel protected.
You feel less invigorated.
You feel less confused. The orc knight barely misses you.
The orc warrior barely misses you.
It was a potion of flight.
You feel very buoyant.
You fly up into the air.
The orc knight hits you from afar with a halberd!
* * * LOW HITPOINT WARNING * * *
The orc warrior hits you from afar with a halberd!!
You die...

### #### ##∩## #
..... #.∩.# ...
.≈≈≈..#o.@#..≈≈≈
≈≈o≈≈..o....≈≈o≈≈
≈.oo≈.......≈oo.≈
≈≈.≈≈.......≈≈o≈≈
.≈≈≈..#...#..≈≈≈.
.....##...##.....
##### ##∩## #####
###


You could see 3 orc knights, 4 orc warriors and 2 orcs.

Vanquished Creatures
  A phantom (D:4)
  2 ogres (D:4)
  2 big kobolds (D:3)
  2 bullfrogs
  A scorpion (D:4)
  A crimson imp (D:5)
  A bullfrog zombie (D:9)
  A hound (D:5)
  An orc priest (D:3)
  An orc wizard (D:3)
  Jessica (D:2)
  Ijyb (D:3)
  An iguana (D:4)
  2 worker ants
  A hound skeleton (D:9)
  A gnoll (D:5)
  6 adders
  A shadow imp (D:9)
  2 oozes (D:3)
  A worm (D:5)
  2 dart slugs
  3 leopard geckos (D:1)
  24 orcs
  5 bats
  6 giant cockroaches
  3 goblins (D:1)
  5 hobgoblins
  7 jackals
  A quokka (D:5)
  3 ball pythons
  5 frilled lizards
  17 kobolds
  15 rats
126 creatures vanquished.

Notes
Turn   | Place    | Note
-------+----------+-------------------------------------------
     0 | D:1      | teukkam the Gnoll Wanderer began the quest for the Orb.
     0 | D:1      | teukkam set off with: a +2 scale mail, a +0 hand crossbow, 23 bolts, a potion of curing, a bread ration
     0 | D:1      | Reached XP level 1. HP: 26/26 MP: 1/1
   131 | D:1      | Reached XP level 2. HP: 29/33 MP: 2/2
   473 | D:1      | Reached XP level 3. HP: 38/38 MP: 3/3
  1071 | D:2      | Reached skill level 1 in Invocations
  1388 | D:2      | Reached skill level 1 in Short Blades
  1388 | D:2      | Reached skill level 1 in Long Blades
  1388 | D:2      | Reached skill level 1 in Axes
  1388 | D:2      | Reached skill level 1 in Maces & Flails
  1388 | D:2      | Reached skill level 1 in Polearms
  1388 | D:2      | Reached skill level 1 in Staves
  1388 | D:2      | Reached skill level 1 in Slings
  1388 | D:2      | Reached skill level 1 in Bows
  1388 | D:2      | Reached skill level 1 in Throwing
  1388 | D:2      | Reached skill level 1 in Dodging
  1388 | D:2      | Reached skill level 1 in Stealth
  1388 | D:2      | Reached skill level 1 in Unarmed Combat
  1388 | D:2      | Reached skill level 1 in Spellcasting
  1388 | D:2      | Reached skill level 1 in Evocations
  1432 | D:2      | Noticed Jessica
  1438 | D:2      | Killed Jessica
  1438 | D:2      | Reached XP level 4. HP: 27/45 MP: 5/5
  1655 | D:3      | Reached skill level 1 in Conjurations
  1655 | D:3      | Reached skill level 1 in Hexes
  1655 | D:3      | Reached skill level 1 in Charms
  1655 | D:3      | Reached skill level 1 in Summonings
  1655 | D:3      | Reached skill level 1 in Necromancy
  1655 | D:3      | Reached skill level 1 in Translocations
  1655 | D:3      | Reached skill level 1 in Transmutations
  1655 | D:3      | Reached skill level 1 in Fire Magic
  1655 | D:3      | Reached skill level 1 in Ice Magic
  1655 | D:3      | Reached skill level 1 in Air Magic
  1655 | D:3      | Reached skill level 1 in Earth Magic
  1655 | D:3      | Reached skill level 1 in Poison Magic
  1710 | D:3      | Reached XP level 5. HP: 37/51 MP: 6/6
  1981 | D:3      | Noticed Ijyb
  1996 | D:3      | Killed Ijyb
  1996 | D:3      | Reached XP level 6. HP: 52/57 MP: 8/8
  2499 | D:3      | Reached skill level 5 in Shields
  2729 | D:3      | Reached XP level 7. HP: 60/63 MP: 10/10
  3412 | D:4      | Found a glowing golden altar of the Shining One.
  3472 | D:4      | Found a staircase to the Ecumenical Temple.
  3520 | Temple   | Entered the Ecumenical Temple
  3654 | Temple   | Became a worshipper of Ru the Awakened
  3729 | D:4      | Reached skill level 9 in Fighting
  3801 | D:4      | Reached XP level 8. HP: 71/71 MP: 12/12
  3871 | D:5      | Entered Level 5 of the Dungeon
  3962 | D:5      | Learned a level 1 spell: Beastly Appendage
  4045 | D:5      | Found Piggial's General Store.
  4230 | D:5      | Noticed Nirn's ghost (novice DgFi)
  4328 | D:6      | You fall through a shaft for 3 floors!
  4424 | D:9      | Found a flagged portal.
  4430 | D:9      | Got a scorched hand axe
  4431 | D:9      | Identified the +7 hand axe "Fynureimiw" {chop, *Noise rElec rF- MR+++} (You found it on level 9 of the Dungeon)
  4435 | D:9      | Got a twisted spear
  4436 | D:9      | Identified the +2 spear of Fear {pierce, rF++ Stlth+} (You found it on level 9 of the Dungeon)
  4442 | Bailey   | Entered a bailey
  4442 | Bailey   | Noticed an orc knight
  4446 | Bailey   | Noticed an orc knight
  4447 | Bailey   | Noticed an orc knight
  4456 | Bailey   | HP: 5/106 [orc warrior/halberd (10)]
  4459 | Bailey   | Demolished by an orc warrior

Vault maps used:
D:1:      erik_arrival_orb_chamber
D:2:      gammafunk_temple_overflow_pools, chequers_ecumenical_altar_twisty,
          uniq_jessica
D:3:      cheibrodos_thug_alley, first_bread, uniq_ijyb
D:4:      tso_oasis_becter, temple_hall
D:5:      serial_shops, nicolae_shop_crystal
D:6:      chei_slow_surprise
D:9:      chequers_temple_overflow_minitemple, nicolae_overflow_hidden_temple,
          dpeg_oklobed_lair, enter_bailey_2, serial_undead, serial_undead_a,
          serial_undead_e, serial_undead_e, serial_undead_e, serial_undead_a,
          hangedman_little_slice_of_home, uniq_joseph, uniq_prince_ribbit1
Temple:   nicolae_temple_figure_eight
Bailey:   bailey_polearm_4, bailey

Skill      XL: |  1  2  3  4  5  6  7  8 |
---------------+-------------------------+-----
Invocations    | 1 2 3 |  3.4
Short Blades   | 1 2 3 |  3.1
Long Blades    | 1 2 3 |  3.1
Axes           | 1 2 3 |  3.1
Maces & Flails | 1 2 3 |  3.1
Polearms       | 1 2 3 |  3.1
Staves         | 1 2 3 |  3.1
Slings         | 1 2 3 |  3.1
Bows           | 1 2 3 |  3.1
Throwing       | 1 2 3 |  3.1
Dodging        | 1 2 3 |  3.1
Stealth        | 1 2 3 |  3.1
Unarmed Combat | 1 2 3 |  3.1
Spellcasting   | 1 2 3 |  3.1
Evocations     | 1 2 3 |  3.1
Conjurations   | 1 2 |  2.5
Hexes          | 1 2 |  2.5
Charms         | 1 2 |  2.5
Summonings     | 1 2 |  2.5
Necromancy     | 1 2 |  2.5
Translocations | 1 2 |  2.5
Transmutations | 1 2 |  2.5
Fire Magic     | 1 2 |  2.5
Ice Magic      | 1 2 |  2.5
Air Magic      | 1 2 |  2.5
Earth Magic    | 1 2 |  2.5
Poison Magic   | 1 2 |  2.5
Crossbows      | 3 4 |  4.0
Shields        | 5 |  5.5
Armour         | 7 |  7.3
Fighting       | 9 |  9.1

Action                   |  1- 3 |  4- 6 |  7- 9 || total
-------------------------+-------+-------+-------++-------
Melee: Unarmed           |    15 |       |       ||    15
       Short sword       |   108 |       |       ||   108
       Bite              |    19 |    19 |     8 ||    46
       Spear             |    11 |   173 |   137 ||   321
       Hand axe          |       |       |     2 ||     2
 Fire: Hand crossbow     |    42 |    11 |    17 ||    70
Throw: Javelin           |     3 |    14 |    13 ||    30
  Use: Potion            |       |     1 |     4 ||     5
       Scroll            |       |       |     1 ||     1
  Eat: Chunk             |     2 |     4 |     2 ||     8
       Meat ration       |       |       |     1 ||     1
Armor: Scale mail        |    71 |    32 |       ||   103
       Chain mail        |       |    45 |    56 ||   101
Dodge: Dodged            |    82 |    86 |    57 ||   225
Block: Buckler           |       |       |    17 ||    17

Table legend:
 A = Spawn XP
 B = Non-spawn XP
 C = Spawn XP percentage of total XP
 D = Spawn monster count
 E = Non-spawn monster count
 F = Spawn count percentage of total count
 G = Total turns spent on level
                    A         B        C        D         E        F      G
               +---------+---------+-------+---------+---------+-------+---------
         Total |       0 |    1545 |   0.0 |       0 |     126 |   0.0 |  4459
               +---------+---------+-------+---------+---------+-------+---------
           D:1 |       0 |      56 |   0.0 |       0 |      37 |   0.0 |  1060
           D:2 |       0 |      57 |   0.0 |       0 |      13 |   0.0 |   543
           D:3 |       0 |     455 |   0.0 |       0 |      48 |   0.0 |  1303
           D:4 |       0 |     632 |   0.0 |       0 |      11 |   0.0 |   778
           D:5 |       0 |     168 |   0.0 |       0 |       9 |   0.0 |   403
           D:6 |       0 |       9 |   0.0 |       0 |       3 |   0.0 |    54
           D:9 |       0 |     165 |   0.0 |       0 |       4 |   0.0 |   114
        Bailey |       0 |       3 |   0.0 |       0 |       1 |   0.0 |    17
               +---------+---------+-------+---------+---------+-------+---------
